 Dungeon Crawl Stone Soup version 0.26.1-2-gb8aa6d0cf2 (webtiles) character file.

Game seed: 3666562291490530490

51 jmmainvi the Digger (level 3, -1/19 HPs)
             Began as a Gargoyle Earth Elementalist on Feb 12, 2021.
             Killed from afar by Natasha (3 damage)
             ... with a magic dart
             ... on level 2 of the Dungeon.
             The game lasted 00:04:52 (2223 turns).

jmmainvi the Digger (Gargoyle Earth Elementalist)   Turns: 2223, Time: 00:04:53

Health: -1/19      AC:  6    Str: 11    XL:     3   Next: 83%
Magic:  3/6        EV: 12    Int: 16    God:
Gold:   9          SH:  0    Dex: 10    Spells: 5/6 levels left

rFire    . . .     SeeInvis .   a - +0 dagger
rCold    . . .     Faith    .   (no shield)
rNeg     + . .     Spirit   .   c - +0 robe
rPois    ∞         Reflect  .   (no helmet)
rElec    +         Harm     .   (no cloak)
rCorr    .         Rampage  .   (no gloves)
Will     .....                  k - +0 pair of boots
Stlth    ++........             (no amulet)
HPRegen  0.06/turn              (no ring)
MPRegen  0.10/turn              (no ring)

@: no status effects
A: negative energy resistance 1, electricity resistance, unbreathing,
petrification resistance, miasma immunity, AC +3
a: no special abilities


You were on level 2 of the Dungeon.
You visited 1 branch of the dungeon, and saw 2 of its levels.

You collected 9 gold pieces.

Inventory:

Hand Weapons
 a - a +0 dagger (weapon)
Missiles
 b - 29 stones
Armour
 c - a +0 robe (worn)
 k - a +0 pair of boots (worn)
Scrolls
 d - 2 scrolls of fog {unknown}
 e - 2 scrolls of random uselessness {unknown}
 f - a scroll of teleportation {unknown}
 g - a scroll of enchant armour {unknown}
 h - a scroll of remove curse {unknown}
Potions
 i - a potion of berserk rage {unknown}
 j - 2 potions of degeneration {unknown}


   Skills:
 - Level 1.5 Dodging
 - Level 3.0 Stealth
 - Level 2.0 Spellcasting
 + Level 1.5 Transmutations
 * Level 4.7 Earth Magic


You had 5 spell levels left.
You knew the following spells:

 Your Spells              Type           Power        Failure   Level
a - Sandblast             Erth           32%          3%          1

Your spell library contained the following spells:

 Spells                   Type           Power        Failure   Level
 Passwall                 Tmut/Erth      9%           9%          2
 Stone Arrow              Conj/Erth      18%          24%         3
 Petrify                  Tmut/Erth      11%          50%         4
 Lee's Rapid Deconstruct  Erth           8%           63%         5


Dungeon Overview and Level Annotations

Branches:
Dungeon (2/15)

Altars:
Okawaru

Annotations:
D:2 Natasha


Innate Abilities, Weirdness & Mutations

You are resistant to torment.
Your stone body is resilient. (AC +3)
You are immune to poison.
You resist negative energy. (rN+)
You are resistant to electric shocks. (rElec)
You can survive without breathing.
You are immune to petrification.
You are immune to miasma.


Message History

Aim: a bat (31% to evade)
The blast of sand hits the bat!
You kill the bat!
Casting: Sandblast (safe; 3% risk of failure)
Confirm with . or Enter, or press ? or * to list all spells.
Aiming: Sandblast (safe; 3% risk of failure)
Press: ? - help, Shift-Dir - straight line, f - leopard gecko
Aim: a leopard gecko (31% to evade)
The blast of sand hits the leopard gecko.
The leopard gecko is almost dead.
Casting: Sandblast (safe; 3% risk of failure)
Confirm with . or Enter, or press ? or * to list all spells.
Aiming: Sandblast (safe; 3% risk of failure)
Press: ? - help, Shift-Dir - straight line, f/p - leopard gecko
Aim: a leopard gecko (almost dead, 31% to evade)
The blast of sand hits the leopard gecko!
You kill the leopard gecko!
Natasha stares at you and mumbles some strange words.
The magic dart hits you.
You die...

##### ######
......####....####
..>....@.hK.......
......####..>####
##########...#
#.....5..###8.#
#......KK# ....
#......5.# ...
#....<.).# .#
.#........# #
...........#


You could see Natasha and a kobold.

Vanquished Creatures
  2 gnolls
  An ooze (D:1)
  A dart slug (D:1)
  A leopard gecko (D:2)
  A ball python (D:1)
  A giant cockroach (D:1)
  5 goblins
  3 hobgoblins (D:1)
  A kobold (D:1)
  6 bats
  3 frilled lizards (D:1)
  2 rats (D:1)
27 creatures vanquished.

Notes
Turn   | Place    | Note
-------+----------+-------------------------------------------
     0 | D:1      | jmmainvi the Gargoyle Earth Elementalist began the quest
                  | for the Orb.
     0 | D:1      | Reached XP level 1. HP: 10/10 MP: 3/3
   444 | D:1      | Reached skill level 1 in Transmutations
   449 | D:1      | Reached skill level 4 in Earth Magic
   449 | D:1      | Reached XP level 2. HP: 5/15 MP: 3/5
  1482 | D:1      | Reached XP level 3. HP: 19/19 MP: 6/6
  1923 | D:2      | Found an iron altar of Okawaru.
  2199 | D:2      | Noticed Natasha
  2223 | D:2      | Killed from afar by Natasha

Illustrated notes

Levels and vault maps discovered:
D:1:      dpeg_arrival_connections, layout_basic
D:2:      layout_rooms, nicolae_gozag_cash_rules_everything_around_me,
          minitemple, okawaru_metal_pillars_1_2, serial_curves, eino_curves_03,
          eino_curves_03, uniq_sigmund, uniq_natasha

Skill      XL: |  1  2  3 |
---------------+----------+-----
Transmutations | 1 |  1.5
Earth Magic    | 4 |  4.7
Stealth        | 3 |  3.0
Dodging        | |  1.5
Spellcasting   | |  2.0

Action                   || total
-------------------------++-------
Melee: Dagger            ||   132
       Unarmed           ||     5
 Cast: Sandblast         ||    22
 Stab: Sleeping          ||     1
Armor: Robe              ||    91
Dodge: Dodged            ||   203
